Map: Void Training Stage 3

Players

Michael - Winner!

  • Race: Zerg Zerg
  • League: Gold
  • Spawn Location: 6:00

Player 2

  • Race: Zerg Zerg
  • Spawn Location: 12:00

VOD

Have the link to the VOD?

Description

Time

  • Played on: Sept. 28, 2018, 6:55 p.m.
  • Length: 12:55
Show
View Real Time Build Order
Export as new Build Order

Michael Zerg - Winner!

Build Orders: Hatch First, Swarm Host 

Get SALT Encoding   

  12  0:01  Drone  
  13  0:13  Overlord  
  13  0:18  Drone  
  14  0:31  Drone x2  
  14  0:35  Drone  
  17  0:45  Drone  
  18  0:58  Hatchery  
  18  1:01  Drone  
  18  1:07  Drone  
  18  1:08  Extractor  
  18  1:19  Spawning Pool  
  18  1:22  Drone  
  18  1:28  Drone  
  20  1:40  Drone  
  20  1:49  Overlord  
  20  2:05  Queen  
  22  2:10  Queen  
  22  2:12  Metabolic Boost  
  22  2:14  Zergling x4  
  22  2:15  Zergling x2  
  27  2:23  Drone x2  
  27  2:28  Extractor  
  28  2:35  Drone x2  
  30  2:48  Queen x2  
  34  2:55  Overlord  
  34  3:01  Overlord  
  34  3:04  Drone  
  35  3:06  Drone  
  36  3:13  Drone  
  36  3:14  Drone  
  38  3:24  Lair  
  38  3:35  Drone x4  
  42  3:43  Drone x2  
  42  3:45  Roach Warren, Drone  
  41  4:12  Overlord  
  41  4:18  Evolution Chamber  
  41  4:22  Evolution Chamber  
  41  4:23  Drone x3  
  41  4:24  Drone, Spine Crawler  
  43  4:28  Glial Reconstitution  
  43  4:29  Spore Crawler  
  43  4:30  Drone  
  43  4:31  Drone x3  
  45  4:33  Extractor  
  45  4:35  Extractor  
  43  4:47  Hatchery  
  42  5:00  Overseer  
  42  5:02  Zerg Ground Armor Level 1  
  42  5:03  Zerg Missile Weapons Level 1  
  42  5:08  Hydralisk Den  
  42  5:13  Drone x2  
  42  5:14  Drone  
  44  5:15  Drone x3  
  47  5:28  Roach x6  
  59  5:31  Overlord  
  59  5:36  Overlord  
  59  5:38  Muscular Augments  
  59  5:50  Infestation Pit  
  59  5:54  Drone x7  
  65  6:02  Spore Crawler x2  
  63  6:09  Roach x3  
  67  6:24  Drone  
  67  6:25  Drone x6  
  66  6:26  Drone  
  62  6:38  Queen  
  62  6:39  Queen  
  62  6:51  Drone x3  
  65  6:55  Grooved Spines  
  65  6:57  Zerg Ground Armor Level 2  
  65  7:01  Zerg Missile Weapons Level 2  
  65  7:16  Hive  
  65  7:27  Drone  
  65  7:28  Drone x5  
  71  7:39  Burrow  
  71  7:50  Drone x2  
  73  7:53  Extractor, Drone x3  
  73  7:54  Extractor  
  73  7:57  Drone  
  73  7:58  Drone x2  
  77  7:59  Drone x3  
  77  8:00  Overlord x4  
  80  8:09  Hydralisk  
  82  8:22  Roach  
  82  8:23  Roach x8  
  100  8:31  Overlord x4  
  100  8:33  Hydralisk x2  
  100  8:34  Hydralisk x3  
  110  8:52  Hatchery  
  110  8:55  Spire  
  108  8:56  Hatchery  
  108  8:57  Hydralisk x2  
  108  8:59  Hydralisk  
  108  9:01  Hydralisk  
  115  9:05  Hydralisk  
  115  9:06  Hydralisk  
  115  9:09  Hydralisk  
  121  9:21  Hydralisk x4  
  121  9:22  Hydralisk  
  131  9:24  Hydralisk  
  131  9:26  Hydralisk  
  135  9:33  Zerg Missile Weapons Level 3  
  135  9:40  Zerg Ground Armor Level 3  
  135  9:43  Overlord  
  135  9:45  Overlord  
  135  9:48  Overlord  
  131  10:12  Drone x13  
  131  10:13  Queen  
  146  10:40  Drone x13  
  159  10:59  Extractor  
  159  11:01  Extractor  
  159  11:02  Spine Crawler  
  156  11:04  Spore Crawler  
  156  11:11  Swarm Host x9  
  155  11:14  Overlord x6  
  182  11:34  Swarm Host x5  
  182  11:35  Swarm Host  
Show
View Real Time Build Order
Export as new Build Order

Player 2 Zerg 

Build Orders: Pool First 

Get SALT Encoding   

  12  0:00  Drone  
  13  0:13  Overlord  
  13  0:18  Drone  
  14  0:31  Drone  
  14  0:34  Drone  
  16  0:43  Spawning Pool  
  16  0:46  Drone  
  16  0:50  Drone  
  16  0:52  Extractor  
  16  0:56  Drone  
  17  1:06  Overlord  
  17  1:31  Zergling x2  
  17  1:32  Queen  
  20  1:39  Drone  
  21  1:40  Roach Warren  
  21  1:41  Extractor  
  21  1:43  Zergling x2  
  20  1:49  Drone  
  21  2:00  Drone  
  22  2:17  Overlord  
  22  2:22  Roach  
  24  2:33  Roach  
  26  2:44  Roach  
  26  2:46  Overlord  
  26  2:51  Drone  
  29  2:55  Drone  
  30  3:00  Drone  
  31  3:10  Drone, Roach  
  34  3:13  Drone  
  34  3:16  Drone  
  36  3:22  Overlord  
  36  3:29  Baneling Nest  
  36  3:33  Drone  
  36  3:37  Evolution Chamber  
  34  3:42  Zergling x2  
  34  3:43  Drone  
  36  3:54  Roach  
  38  4:05  Roach  
  40  5:22  Overlord, Drone, Lair  
  40  5:24  Spore Crawler  
  40  5:25  Drone  
  40  5:26  Spore Crawler  
  41  5:28  Drone  
  41  5:31  Drone  
  41  5:34  Evolution Chamber  
  41  5:36  Drone  
  42  5:49  Spine Crawler  
  41  5:51  Spine Crawler  
  41  5:53  Drone  
  41  5:57  Drone  
  42  6:19  Queen  
  42  6:20  Overseer x2  
  42  6:23  Infestation Pit  
  42  6:24  Drone, Roach  
  41  6:27  Hydralisk Den  
  41  6:29  Spire  
  41  6:30  Drone  
  36  6:36  Roach  
  36  6:38  Drone, Hatchery  
  33  6:48  Roach  
  35  7:00  Zergling x2  
  36  7:12  Roach  
  38  7:24  Roach  
  40  7:36  Hydralisk  
  42  7:48  Hydralisk  
  42  7:50  Drone, Queen  
  47  7:53  Drone  
  47  7:56  Drone  
  49  7:58  Extractor  
  49  7:59  Drone  
  49  8:00  Hydralisk, Spore Crawler  
  49  8:01  Spore Crawler  
  49  8:02  Drone  
  49  8:05  Drone  
  51  8:07  Drone  
  51  8:10  Drone  
  53  8:12  Hydralisk  
  53  8:13  Drone  
  53  8:17  Drone  
  57  8:22  Drone  
  57  8:25  Drone, Spine Crawler  
  58  8:27  Drone, Spine Crawler  
  58  8:30  Drone  
  58  8:33  Drone  
  60  8:35  Overlord  
  60  8:40  Drone  
  61  8:43  Drone  
  62  8:50  Drone  
  62  8:53  Drone  
  64  8:56  Drone  
  64  8:59  Drone  
  64  9:02  Drone  
  67  9:05  Overlord, Drone  
  68  9:36  Infestor  
  68  9:37  Pneumatized Carapace  
  68  9:38  Overseer, Zerg Melee Weapons Level 1, Zerg Ground Armor Level 1  
  70  9:39  Burrow  
  70  9:44  Roach  
  72  9:51  Infestor  
  74  9:58  Zergling x2  
  74  10:06  Extractor, Roach  
  57  10:09  Overseer  
  57  10:12  Overlord  
  57  10:13  Roach  
  59  10:20  Roach  
  61  10:21  Hive  
  61  10:27  Hydralisk  
  63  10:29  Drone  
  63  10:30  Overlord  
  63  10:32  Drone  
  63  10:34  Roach  
  67  10:41  Hydralisk  
  69  10:49  Roach  
  71  10:55  Hydralisk  
  73  11:02  Hydralisk  
  75  11:30  Hatchery  
  74  11:34  Greater Spire  
  74  11:35  Ultralisk Cavern  
  73  11:42  Hydralisk  
  73  11:45  Queen  
  74  11:50  Overlord, Zergling x2  
  74  11:51  Drone  
  74  11:54  Drone  
  69  11:57  Drone, Hydralisk  
  69  11:59  Drone  
  41  12:02  Drone  
  39  12:11  Drone  
  39  12:12  Zergling x2  
  31  12:19  Roach  
  31  12:22  Evolution Chamber  
  31  12:25  Overseer, Drone  
  31  12:26  Hydralisk  
Tags
 
Composition
Swarm Host
League
Gold
Matchup
ZvZ
Race
Zerg
Spawn Locations
Cross Positions
Add a new tag
Caveats
  • Supply blocks, unpowered buildings, or Contaminate may cause inaccurate times.
  • Supply counts are checked every 10 seconds.